 Adventure DCSS version bcrawl-1.18.1 (webtiles) character file.

Game seed: 10400641443725633860

160 Leeroy the Carver (level 5, -8/32 HPs)
             Began as a Skeleton Reaver on Nov 10, 2019.
             Was a Believer of Vehumet.
             Mangled by a bullfrog (10 damage)
             ... on level 6 of the Dungeon.
             The game lasted 00:09:47 (3646 turns).

Leeroy the Carver (Skeleton Reaver)                 Turns: 3646, Time: 00:09:47

Health: -8/32      AC:  6    Str: 18      XL:     5   Next: 17%
Magic:  0/9        EV: 12    Int: 12      God:    Vehumet [**....]
Gold:   273        SH:  1    Dex:  8 (9)  Spells: 3/10 levels left
                                        Lives:  0   Deaths: 2

rFire    . . .     SeeInvis .   a - +0 long sword
rCold    + . .     Gourm    .   (no shield)
rNeg     + + +     Faith    .   b - +0 steam dragon scales
rPois    ∞         Spirit   +   (no helmet)
rElec    .         Reflect  .   o - scarf {repulsion}
rCorr    .         Harm     .   h - +0 pair of gloves
MR       .....                  (no boots)
Stlth    +.........             (no amulet)
HPRegen  0.10/turn              (no ring)
MPRegen  0.11/turn              (no ring)

@: repel missiles
A: no food or potions, cold resistance 1, deterioration 1, negative energy
resistance 3, powered by death 1, torment resistance, unbreathing, magic shield,
sturdy frame 1, spell healing
a: Renounce Religion


You were on level 6 of the Dungeon.
You worshipped Vehumet.
Vehumet was pleased with you.
You were not hungry.

You visited 1 branch of the dungeon, and saw 6 of its levels.

You collected 273 gold pieces.

Inventory:

Hand Weapons
 a - a +0 long sword (weapon)
 g - a +0 short sword
 i - a +0 dagger of flaming
 j - a +0 whip
 p - a +0 trident
 s - a cursed -3 dagger
 v - a +4 hunting sling
Missiles
 e - 118 poisoned needles
 f - 1732 stones (quivered)
 k - 402 arrows
 m - 285 bolts
Armour
 b - +0 steam dragon scales (worn)
 h - a +0 pair of gloves (worn)
 o - a scarf of repulsion (worn)
Jewellery
 q - an uncursed ring of insulation
Wands
 t - a wand of acid (6)
Scrolls
 c - a scroll of immolation
 d - 2 scrolls of remove curse {unknown}
 l - a scroll of identify
 n - a scroll of amnesia {unknown}
 r - a scroll of fear {unknown}
 u - a scroll of noise {unknown}


   Skills:
 - Level 3.0 Fighting
 + Level 9.5 Long Blades
 - Level 3.0 Dodging
 - Level 3.0 Spellcasting
 - Level 0.3 Conjurations


You had 3 spell levels left.
You knew the following spells:

 Your Spells              Type           Power        Failure   Level  Hunger
a - Flame Tongue          Conj/Fire      #....        6%          1    N/A
b - Freeze                Ice            #.....       7%          1    N/A
c - Iskenderun's Battles  Conj/Chrm      #.......     80%         5    N/A

Your spell library contained the following spells:

 Spells                   Type           Power        Failure   Level  Hunger
 Dazzling Spray           Conj/Hex       #.....       17%         3    N/A

Dungeon Overview and Level Annotations

Branches:
Dungeon (6/12)
 Temple: D:4-7

Altars:
Elyvilon
Lugonu
Nemelex Xobeh
Qazlal
Trog
Wu Jian
Zin


Innate Abilities, Weirdness & Mutations

You do not eat or drink.
You are immune to poison.
Your flesh is cold resistant. (rC+)
Your body sometimes deteriorates upon taking damage.
You are immune to negative energy. (rN+++)
You regenerate a little health from kills.
You are immune to unholy pain and torment.
You can survive without breathing.
When hurt, damage is shared between your health and your magic reserves.
Your movements are slightly less encumbered by armour. (ER -2)
Casting spells heals you.


Message History

The bullfrog barely misses you. x2
Casting: Iskenderun's Battlesphere (very dangerous; 80% risk of failure)
Confirm with . or Enter, or press ? or * to list all spells.
Aiming: Flame Tongue (safe; 6% risk of failure)
Press: ? - help, Shift-Dir - straight line, f - bullfrog
Aim: a bullfrog (moderately wounded)
The flame tongue hits the bullfrog.
The bullfrog is heavily wounded.
The bullfrog hits you!
* * * LOW HITPOINT WARNING * * *
Your body deteriorates!
You feel clumsy.
Casting: Flame Tongue (safe; 6% risk of failure)
Confirm with . or Enter, or press ? or * to list all spells.
Aiming: Freeze (safe; 7% risk of failure)
Press: ? - help, Shift-Dir - straight line, f/p - bullfrog
Aim: a bullfrog (heavily wounded)
You freeze the bullfrog.
The bullfrog is heavily wounded.
The bullfrog hits you!
You die...

### #.# ...
#.# #.# #F#
#@# #.# #.#
#.#####
#.....#
#####.# #.# #
#.# .#
#####.######.#


You could see a bullfrog.

Vanquished Creatures
  An ice beast (D:5)
  3 crimson imps (D:4)
  A jelly (D:6)
  A centaur skeleton (D:4)
  A hound (D:2)
  An iguana (D:5)
  2 worker ants
  A hound zombie (D:5)
  A hound skeleton (D:5)
  3 adders
  An adder zombie (D:5)
  An adder skeleton (D:4)
  2 worms
  3 dart slugs
  3 leopard geckos
  An orc (D:3)
  5 bats
  6 giant cockroaches
  3 goblins
  9 hobgoblins
  18 jackals
  A quokka (D:4)
  5 frilled lizards
  8 kobolds
  A leopard gecko skeleton (D:4)
  A quokka skeleton (D:4)
  8 rats
91 creatures vanquished.

Vanquished Creatures (others)
  A quokka (D:2)
1 creature vanquished.

Grand Total: 92 creatures vanquished

Notes
Turn   | Place    | Note
-------+----------+-------------------------------------------
     0 | D:1      | Leeroy the Skeleton Reaver began the quest for the Orb.
     0 | D:1      | Reached XP level 1. HP: 14/14 MP: 4/4
   142 | D:1      | Reached skill level 4 in Long Blades
   286 | D:1      | Reached XP level 2. HP: 15/19 MP: 6/6
   562 | D:1      | Reached * piety under Vehumet
   562 | D:1      | Offered knowledge of Flame Tongue by Vehumet.
   562 | D:1      | Reached skill level 5 in Long Blades
   577 | D:1      | Learned a level 1 spell: Flame Tongue
   637 | D:1      | Reached XP level 3. HP: 23/23 MP: 7/7
  1228 | D:2      | Found a sparkling altar of Nemelex Xobeh.
  1400 | D:2      | Found a white marble altar of Elyvilon.
  1557 | D:2      | Offered knowledge of Freeze by Vehumet.
  1557 | D:2      | Reached skill level 6 in Long Blades
  1557 | D:2      | Reached XP level 4. HP: 25/28 MP: 6/8
  1560 | D:2      | Learned a level 1 spell: Freeze
  1563 | D:3      | Reached ** piety under Vehumet
  1564 | D:3      | Found an ornate altar of the Wu Jian Council.
  1959 | D:3      | Reached skill level 7 in Long Blades
  1959 | D:3      | Reached XP level 5. HP: 24/32 MP: 5/9
  1985 | D:2      | Learned a level 5 spell: Iskenderun's Battlesphere
  2100 | D:3      | Noticed a moth of wrath
  2103 | D:3      | Found a bloodstained altar of Trog.
  2577 | D:4      | Found a glowing silver altar of Zin.
  2578 | D:4      | Found a stormy altar of Qazlal.
  2595 | D:4      | Noticed an air elemental
  2595 | D:4      | Noticed a water elemental
  2595 | D:4      | Noticed a fire elemental
  2626 | D:4      | Found a corrupted altar of Lugonu.
  2689 | D:4      | Reached skill level 8 in Long Blades
  2957 | D:4      | Gained mutation: You regenerate a little health from kills.
                  | [Skeleton growth]
  2957 | D:4      | Reached XP level 6. HP: 32/37 MP: 8/10
  3101 | D:5      | Entered Level 5 of the Dungeon
  3139 | D:5      | Offered knowledge of Dazzling Spray by Vehumet.
  3147 | D:5      | Noticed an ice beast
  3158 | D:5      | Killed an ice beast
  3158 | D:5      | Reached skill level 9 in Long Blades
  3432 | D:5      | Noticed a two-headed ogre
  3581 | D:5      | Slain by a two-headed ogre
  3582 | D:5      | Reached XP level 5. HP: -4/32 MP: 0/9
  3606 | D:6      | Noticed a black bear
  3609 | D:6      | Noticed an ice beast
  3609 | D:6      | Slain by a two-headed ogre
  3610 | D:6      | Reached XP level 4. HP: -5/28 MP: 0/8
  3632 | D:6      | Reached XP level 5. HP: 24/32 MP: 9/9
  3645 | D:6      | HP: 1/32 [bullfrog (6)]
  3646 | D:6      | Mangled by a bullfrog

Skill      XL: |  1  2  3  4  5  6 |
---------------+-------------------+-----
Long Blades    | 4 5 6 7 8 9 |  9.5
Fighting       | |  3.0
Dodging        | |  3.0
Spellcasting   | |  3.0
Conjurations   | |  0.3

Action                   |  1- 3 |  4- 6 || total
-------------------------+-------+-------++-------
Melee: Long sword        |   138 |   228 ||   366
 Cast: Flame Tongue      |     4 |    11 ||    15
       Freeze            |       |     1 ||     1
  Use: Scroll            |       |     1 ||     1
 Stab: Sleeping          |       |     1 ||     1
Armor: Steam dragon scal |    82 |    90 ||   172
Dodge: Dodged            |   128 |   200 ||   328
       Deflected         |       |     2 ||     2
Block: Other             |     1 |    11 ||    12
